[Event "Team 45 45 League T23"]
[Site "Free Internet Chess Server"]
[Date "PDT.07.0"]
[Round "5"]
[White "KlassAct"]
[Black "Baylan"]
[Result "1/2-1/2"]
[WhiteElo "1419"]
[BlackElo "1713"]
[TimeControl "2700+45"]

1. e4 c5 2. Nf3 d6 3. Bc4 Nf6 4. Nc3 Nc6 5. d4 cxd4 6. Nxd4 a6 7. a4 e6 8. O-O Be7 9. Re1 O-O 10. Nb3 b6 11. Bg5 Bb7 12. Rc1 Ne5 13. Bf1 Rc8 14. Qd2 Rc7 15. Red1 Qc8 16. Bxf6 gxf6 17. Qe3 Nc4 18. Bxc4 Rxc4 19. Qxb6 Bxe4 20. Rd4 Rxd4 21. Qxd4 Bb7 22. Nd2 e5 23. Qe3 Qg4 24. Qg3 Qxg3 25. hxg3 d5 26. Rd1 d4 27. Na2 Bc6 28. b3 Rb8 29. Nc4 Bd5 30. Nb2 Rc8 31. Rd2 Be4 32. Nc4 Rb8 33. f3 Bd5 34. Nb2 f5 35. Nc1 Bb4 36. Re2 f6 37. Ncd3 Bd6 38. Nd1 e4 39. Nf4 exf3 40. gxf3 Bxf3 41. Rd2 Bc5 42. Kh2 Kf7 43. Nf2 Re8 44. N2d3 Bb6 45. Nb2 Be4 46. Nc4 Bc5 47. Nd3 Bxd3 48. cxd3 Bb4 49. Rf2 Kg6 50. Kg2 Re1 51. Rf1 Rxf1 52. Kxf1 Kg5 53. Kg2 Kg4 54. Nb6 Be1 55. Nd5 Bxg3 56. Nxf6+ Kh4 57. Nxh7 Be5 58. Kf3 Kh5 59. Nf8 a5 60. Nd7 Bd6 61. Nb6 Kg5 62. Nc4 Bc7 63. Nd2 Kf6 64. Ke2 Ke6 65. Nb1 Kd5 66. Na3 Kc5 67. Nc2 Bd6 68. Kf3 Kd5 69. Ke2 Bc5 70. Kf3 Ke5 71. Na1 Bb4 72. Nc2 Bc3 73. Na3 Kf6 74. Nc4 Kg5 75. Na3 Kf6 76. Nc4 Ke6 77. Kf4 Kd5 78. Na3 Ke6 79. Nc4 Bb4 80. Nb2 Kd5 81. Kxf5 Kc5 82. Ke4 Bc3 83. Nd1 Kb4 84. Kd5 Kxb3 85. Kc5 Kc2 86. Nf2 Kd2 87. Kc4 Kc2 88. Ne4 Kb2 89. Nc5 Ka3 90. Kb5 Kb2 91. Nb7 Kc2 92. Kc4 Kd2 93. Nxa5 Bxa5 94. Kxd4 Kc2 95. Kc4   {Game drawn by mutual agreement} 1/2-1/2

[Event "Team 45 45 League T23"]
[Site "Free Internet Chess Server"]
[Date "2004.07.11"]
[Round "5"]
[White "StevenSun"]
[Black "JNBrow"]
[Result "1-0"]
[WhiteElo "1883"]
[BlackElo "1697"]
[TimeControl "2700+45"]

1. e4 c6 2. d4 d5 3. e5 Bf5 4. f4 e6 5. Nf3 Nd7 6. Nbd2 c5 7. c3 Rc8 8. Qa4 a6 9. Be2 Ne7 10. Nf1 Rc6 11. Ne3 b5 12. Qb3 c4 13. Qd1 Be4 14. O-O Nf5 15. Ng5 Nxe3 16. Bxe3 f5 17. Nxe4 dxe4 18. d5 exd5 19. Qxd5 Qc7 20. Rad1 Bc5 21. Bxc5 Nxc5 22. Rd4 Ne6 23. Rdd1 O-O 24. Qd7 Qb6+ 25. Kh1 Nc5 26. Qe7 Re6 27. Qh4 Nd3 28. g4 Rh6 29. Qg3 Rg6 30. h4 h5 31. g5 Nxb2 32. Rd4 Nd3 33. Bxh5 Re6 34. Be2 Rd8 35. Rxd8+ Qxd8 36. h5 Qa5 37. Qh3 Qxc3 38. Qxf5 Nc5 39. g6 Re7 40. Qc8+   {Black resigns} 1-0

[Event "Team 45 45 League T23"]
[Site "Free Internet Chess Server"]
[Date "2004.07.12"]
[Round "5"]
[White "Rob"]
[Black "reck"]
[Result "1-0"]
[WhiteElo "1911"]
[BlackElo "1833"]
[TimeControl "2700+45"]

1. d4 Nf6 2. c4 c5 3. d5 b5 4. cxb5 a6 5. bxa6 Bxa6 6. Nc3 d6 7. Nf3 g6 8. g3 Bg7 9. Bg2 Nbd7 10. O-O O-O 11. Re1 Qb6 12. Rb1 Ne8 13. Bg5 Ndf6 14. Qd2 Nc7 15. e4 e6 16. dxe6 Nxe6 17. Bxf6 Bxf6 18. Nd5 Qd8 19. Nxf6+ Qxf6 20. Qxd6 Rfd8 21. Qe5 Qe7 22. a3 Bd3 23. Rbd1 c4 24. Bf1 Rab8 25. Bxd3 cxd3 26. Rxd3 Re8 27. b4 Qb7 28. Red1 Rbc8 29. Rd7 Qc6 30. b5 Qc4 31. Qb2 Nc5 32. R7d4 Qe6 33. Nd2 Qg4 34. f3 Qg5 35. Nc4 h5 36. Nd6 h4 37. Nxc8 hxg3 38. Nd6 gxh2+ 39. Kh1 Re5 40. Qxh2 Qe7 41. Nc8   {Black resigns} 1-0

[Event "Team 45 45 League T23"]
[Site "Free Internet Chess Server"]
[Date "PDT.07.0"]
[Round "5"]
[White "TrondTumyr"]
[Black "twotowers"]
[Result "1-0"]
[WhiteElo "1692"]
[BlackElo "1593"]
[TimeControl "2700+45"]

1. e4 e5 2. f4 exf4 3. Nf3 g5 4. h3 Nc6 5. d4 d6 6. Bd2 Bg7 7. Bc3 Qe7 8. Bd3 f5 9. O-O g4 10. exf5 Qf7 11. hxg4 Nge7 12. Ng5 Qd5 13. Rxf4 Nxd4 14. f6 Qxg5 15. fxg7 Rg8 16. Rxd4 Rxg7 17. Re4 Bxg4 18. Rxg4 Qxg4 19. Qxg4 Rxg4 20. Bxh7 Kd7 21. Bf6 Rf4 22. Bg5 Rf7 23. Bxe7 Kxe7 24. Be4 Raf8 25. Nc3 c6 26. Re1 Kd8 27. Bd3 Kc7 28. Rf1 Rxf1+ 29. Bxf1 Rf4 30. Bd3 d5 31. Kh2 Kd6 32. g3 Rf6 33. g4 Ke5 34. g5 Rf4 35. g6 Kf6 36. Kg3 Rb4 37. b3 d4 38. a3 Rxb3 39. cxb3 dxc3 40. Kf3 b5 41. b4   {Black resigns} 1-0

[Event "Team 45 45 League T23"]
[Site "Free Internet Chess Server"]
[Date "2004.07.14"]
[Round "5"]
[White "MattBinMi"]
[Black "DesparateDan"]
[Result "1-0"]
[WhiteElo "1568"]
[BlackElo "1681"]
[TimeControl "2700+45"]

1. e4 e5 2. Bc4 Nf6 3. d4 exd4 4. Nf3 Nc6 5. O-O Bc5 6. Bg5 h6 7. Bh4 g5 8. Bg3 d6 9. Re1 Be6 10. Bxe6 fxe6 11. e5 dxe5 12. Nxe5 Nxe5 13. Bxe5 O-O 14. Qd3 Qe8 15. Bxc7 Qc6 16. Qg6+ Kh8 17. Qxh6+ Nh7 18. Be5+ Kg8 19. Qg7#   {Black checkmated} 1-0

[Event "Team 45 45 League T23"]
[Site "Free Internet Chess Server"]
[Date "2004.07.12"]
[Round "5"]
[White "Atreus"]
[Black "kethury"]
[Result "1-0"]
[WhiteElo "1735"]
[BlackElo "2088"]
[TimeControl "2700+45"]

1. e4 c5 2. Nc3 d6 3. f4 g6 4. Nf3 Bg7 5. Bc4 Nc6 6. O-O Nf6 7. d3 O-O 8. Re1 a6 9. a4 Bg4 10. e5 Nd7 11. exd6 exd6 12. h3 Bxf3 13. Qxf3 Nd4 14. Qd1 Re8 15. Be3 Nf5 16. Bf2 Qb6 17. Nd5 Rxe1+ 18. Qxe1 Qxb2 19. Ra2 Bc3 20. Qxc3 Qxc3 21. Nxc3 Nb6 22. Nd5 Nxc4 23. dxc4 h5 24. g4 hxg4 25. hxg4 Nh6 26. Nf6+ Kg7 27. g5 Nf5 28. a5 Ne7 29. Rb2 Nc6 30. Be1 Kf8 31. Rxb7 Nd4 32. Nd7+ Kg8 33. Rb8+ Rxb8 34. Nxb8 Nxc2 35. Bc3 Ne3 36. Nxa6 Nxc4 37. Kf2 f6 38. Kf3 f5 39. Nc7 Nxa5 40. Bxa5 Kf8 41. Nd5 Kf7 42. Nf6 Ke6 43. Ke3 Ke7 44. Kd3 Kf7 45. Kc4 Ke6 46. Bc7   {Black resigns} 1-0

[Event "Team 45 45 League T23"]
[Site "Free Internet Chess Server"]
[Date "2004.07.10"]
[Round "5"]
[White "Hony"]
[Black "TGV"]
[Result "1-0"]
[WhiteElo "1993"]
[BlackElo "1770"]
[TimeControl "2700+45"]

1. e4 e6 2. d4 d5 3. Nc3 Bb4 4. e5 c5 5. a3 Bxc3+ 6. bxc3 Ne7 7. Qg4 Qc7 8. Qxg7 Rg8 9. Qxh7 cxd4 10. Kd1 Qxc3 11. Rb1 Bd7 12. Nf3 Ba4 13. Bb2 Qc7 14. Nxd4 Rg6 15. Bb5+ Bxb5 16. Nxb5 Qd7 17. Nd6+ Kd8 18. Bd4 b6 19. Rxb6 Qa4 20. Rb4 Qxa3 21. Qxf7 Rg8 22. Nb7+ Kd7 23. Nc5+ Kd8 24. Nxe6+   {Black resigns} 1-0

[Event "Team 45 45 League T23"]
[Site "Free Internet Chess Server"]
[Date "2004.07.10"]
[Round "5"]
[White "Galleta"]
[Black "ElOso"]
[Result "1-0"]
[WhiteElo "1666"]
[BlackElo "1936"]
[TimeControl "2700+45"]

1. b3 d6 2. Bb2 e5 3. e3 g6 4. d4 Nd7 5. Qf3 c6 6. Ne2 Bg7 7. Nbc3 Ngf6 8. Ne4 Nxe4 9. Qxe4 f5 10. Qd3 O-O 11. O-O-O a5 12. c4 b5 13. Nc3 b4 14. Na4 Ba6 15. f4 exf4 16. exf4 Nf6 17. Qc2 Qe7 18. c5 Bxf1 19. Rhxf1 d5 20. Rde1 Ne4 21. h3 Qh4 22. Re3 Bh6 23. Ref3 Rae8 24. Nb6 Ng3 25. Qf2 Ne2+ 26. Kc2 Qh5 27. Nd7 Nxf4 28. Re1 Rxe1 29. Qxe1 Rf7 30. Qe8+ Bf8 31. Nf6+ Rxf6 32. Rxf4 Qe2+ 33. Qxe2   {Black resigns} 1-0

[Event "Team 45 45 League T23"]
[Site "Free Internet Chess Server"]
[Date "2004.07.11"]
[Round "5"]
[White "raven"]
[Black "mandragora"]
[Result "1-0"]
[WhiteElo "2264"]
[BlackElo "1815"]
[TimeControl "2700+45"]

1. Nf3 Nf6 2. g3 g6 3. Bg2 Bg7 4. O-O O-O 5. d3 d5 6. Nbd2 b6 7. e4 e5 8. Nxe5 Re8 9. f4 Bb7 10. c3 Nbd7 11. Nxd7 Qxd7 12. e5 Ng4 13. Nf3 c5 14. d4 Rad8 15. Bh3 Bc8 16. Ng5 h5 17. e6 fxe6 18. Qd3 Nf6 19. Qxg6 Qe7 20. Be3 c4 21. Rae1 Qf8 22. Bc1 Rd6 23. Re5 Re7 24. Rfe1 Qe8 25. Qxe8+ Rxe8 26. Bxe6+ Bxe6 27. Rxe6 Rdd8 28. Kg2   {Black resigns} 1-0

[Event "Team 45 45 League T23"]
[Site "Free Internet Chess Server"]
[Date "2004.07.11"]
[Round "5"]
[White "Louro"]
[Black "Bobbysch"]
[Result "1/2-1/2"]
[WhiteElo "1763"]
[BlackElo "2106"]
[TimeControl "2700+45"]

1. e4 e5 2. Nf3 Nc6 3. Bb5 Nf6 4. Qe2 Bc5 5. d3 d6 6. h3 Bd7 7. c3 O-O 8. O-O h6 9. Be3 Bxe3 10. fxe3 d5 11. exd5 Nxd5 12. Nbd2 Re8 13. Bc4 Bf5 14. Bxd5 Qxd5 15. e4 Qc5+ 16. Qf2 Qxf2+ 17. Kxf2 Be6 18. a3 Rad8 19. Ke3 Rd7 20. Ne1 Red8 21. Ndf3 Bb3 22. Nd2 Bc2 23. b4 Bxd3 24. Rf2 a5 25. Nb3 b6 26. Rd2 Bc4 27. Rxd7 Rxd7 28. Nd2 Be6 29. Ndf3 axb4 30. axb4 f6 31. Nc2 Bc4 32. Nce1 Kf7 33. Nd2 Be6 34. Ndf3 Ke7 35. Nh4 g5 36. Nf5+ Bxf5 37. exf5 h5 38. g4 h4 39. Nd3 Kf7 40. Nf2 Ne7 41. Ne4 Nd5+ 42. Kf2 Nf4 43. Rh1 Rd3 44. Ra1 Nxh3+ 45. Ke2 Nf4+ 46. Kf2 Rd7 47. Ra8 Nd5 48. Rh8 Kg7 49. Ra8 c6 50. Re8 Ra7 51. Re6 Ra2+ 52. Kg1 Re2 53. Nd6 h3 54. Ne8+ Kf7 55. Nd6+ Kg8 56. Re8+ Kg7 57. c4 Nf4 58. Re7+ Kf8 59. Re8+ Kg7 60. Re7+ Kh8 61. Re8+ Kh7 62. Re7+ Kh6 63. Nf7+ Kg7 64. Nd6+   {Game drawn by repetition} 1/2-1/2

[Event "Team 45 45 League T23"]
[Site "Free Internet Chess Server"]
[Date "2004.07.11"]
[Round "5"]
[White "Epsi"]
[Black "adingod"]
[Result "0-1"]
[WhiteElo "1802"]
[BlackElo "1901"]
[TimeControl "2700+45"]

1. e4 Nf6 2. e5 Nd5 3. d4 d6 4. Nf3 g6 5. c4 Nb6 6. Be2 Bg7 7. exd6 cxd6 8. Be3 O-O 9. Nbd2 Nc6 10. O-O Bf5 11. Nh4 Nxd4 12. Bxd4 Bxd4 13. Nxf5 gxf5 14. Qc2 e6 15. Nf3 Bg7 16. Rad1 d5 17. c5 Qc7 18. Rfe1 Nd7 19. b4 a5 20. a3 axb4 21. axb4 Rfc8 22. Nd4 b6 23. Bh5 Bxd4 24. Rxd4 bxc5 25. bxc5 Qxc5 26. Qd2 Qc3 27. Qg5+ Kh8 28. Red1 Ra1 29. Qe7 Qxd4   {White resigns} 0-1

[Event "Team 45 45 League T23"]
[Site "Free Internet Chess Server"]
[Date "2004.07.10"]
[Round "5"]
[White "ggrayggray"]
[Black "AlesD"]
[Result "1-0"]
[WhiteElo "1831"]
[BlackElo "1624"]
[TimeControl "2700+45"]

1. e4 e6 2. d4 d5 3. Nd2 Nf6 4. e5 Nfd7 5. Bd3 c5 6. c3 Nc6 7. Ne2 Qb6 8. Nf3 cxd4 9. cxd4 Bb4+ 10. Bd2 Ba5 11. Bxa5 Qxa5+ 12. Qd2 Qxd2+ 13. Nxd2 f6 14. f4 f5 15. O-O b6 16. Rfc1 Nb4 17. Bb5 Ba6 18. Bxa6 Nxa6 19. Nf3 Ke7 20. Rc3 Rac8 21. Rac1 Rc4 22. Rxc4 dxc4 23. Rxc4 Ndb8 24. Nc3 Kd7 25. d5 exd5 26. Nxd5 Nc5 27. Nd4 g6 28. b4 Ne6 29. Nb5 Rc8 30. Rxc8 Kxc8 31. Nxa7+ Kb7 32. Nb5 Kc6 33. Nbc3 b5 34. Kf2 Na6 35. a4 Nac7 36. Nxc7 Nxc7 37. axb5+   {Black resigns} 1-0